 Dungeon Crawl Stone Soup version 0.31.0 (webtiles) character file.

Game seed: 14544739813282979291

29987 qw the Marksgargoyle (level 13, 0/85 HPs)
             Began as a Gargoyle Hunter on Jan 19, 2024.
             Was a High Priest of Okawaru.
             Killed from afar by an oklob plant (22 damage)
             ... with a splash of acid
             ... on level 3 of the Lair of Beasts.
             The game lasted 00:02:40 (14144 turns).

qw the Marksgargoyle (Gargoyle Hunter)             Turns: 14144, Time: 00:02:40

Health: 0/85       AC:  8    Str: 13    XL:     13   Next: 48%
Magic:  29/29      EV: 16    Int: 10    God:    Okawaru [*****.]
Gold:   535        SH:  0    Dex: 21    Spells: 12/12 levels left

rFire   . . .        q - +1 orcbow
rCold   + + .        (shield currently unavailable)
rNeg    + . .        d - +0 troll leather armour
rPois   inf          j - +0 helmet
rElec   +            a - +0 cloak
rCorr   .            b - +0 pair of gloves
SInv    .            (no boots)
Will    .....        k - amulet of faith
Stlth   ++           u - ring of the Curupira {rC++ MP+9 Str-3 Dex+4}
HPRegen 1.14/turn    r - +4 ring of protection
MPRegen 0.21/turn

%: faith
@: corroded
A: sickness immunity, AC +9, negative energy resistance 1, electricity
resistance, torment resistance 1, petrification resistance
a: Renounce Religion, Heroism, Finesse, Duel


You were on level 3 of the Lair of Beasts.
You worshipped Okawaru.
Okawaru was extremely pleased with you.
You visited 3 branches of the dungeon, and saw 15 of its levels.

You collected 1865 gold pieces.
You spent 1330 gold pieces at shops.


Innate Abilities, Weirdness & Mutations

You are immune to sickness and miasma.
Your stone body is resilient. (AC +9)
You are immune to poison.
You resist negative energy. (rN+)
You are resistant to electric shocks. (rElec)
You are resistant to unholy torment.
You are immune to petrification.


   Skills:
 - Level 11.7 Fighting
 - Level 16.0 Ranged Weapons
 + Level 4.0 Armour
 - Level 7.0 Dodging
 - Level 1.1 Stealth
 - Level 10.0 Invocations


You had 12 spell levels left.
You didn't know any spells.
Your spell library was empty.

Inventory:

Hand Weapons
 q - a +1 orcbow (weapon)
Armour
 a - a +0 cloak (worn)
 b - a +0 pair of gloves (worn)
 d - a +0 troll leather armour (worn)
 j - a +0 helmet (worn)
 n - a +0 robe of fire resistance
Jewellery
 k - an amulet of faith (around neck)
 l - an amulet of reflection
 r - a +4 ring of protection (right hand)
 s - the ring "Rongamimmi" {Fire ^Contam Int+3 Stlth+}
   (You bought it in a shop on level 9 of the Dungeon)

   [ring of fire]

   Fire:      It enhances your fire magic.
   Int+3:     It affects your intelligence (+3).
   rF+:       It protects you from fire.
   rC-:       It makes you vulnerable to cold.
   ^Contam:   It causes magical contamination when unequipped.
   Stlth+:    It makes you more stealthy.
 u - the ring of the Curupira (left hand) {rC++ MP+9 Str-3 Dex+4}
   (You found it on level 1 of the Lair of Beasts)

   [ring of magical power]

   Str-3:     It affects your strength (-3).
   Dex+4:     It affects your dexterity (+4).
   rC++:      It greatly protects you from cold.
   MP+9:      It affects your magic capacity (+9).
 Y - a ring of see invisible
Wands
 g - a wand of light (1)
 i - a wand of digging (11)
 m - a wand of paralysis (26)
Potions
 c - a potion of haste
 e - a potion of curing
 f - 2 potions of resistance
 p - a potion of experience {unknown}
 t - a potion of enlightenment {unknown}

Dungeon Overview and Level Annotations

Branches:
Dungeon (11/15)            Temple (1/1) D:7            Lair (3/5) D:11
 Shoals (0/4) Lair:2       Spider (0/4) Lair:2          Orc (0/2) D:9

Altars:
Ashenzari
Cheibriados
Dithmenos
Elyvilon
Fedhas
Gozag
Hepliaklqana
Kikubaaqudgha
Makhleb
Nemelex Xobeh
Okawaru
Qazlal
Ru
Sif Muna
Trog
Uskayaw
Vehumet
Wu Jian
Xom
Yredelemnul
Zin
The Shining One

Shops:
D:1 ?   D:3 :   D:6 :*   D:9 =

Portals:
Trove: D:11 (give +2 shadow dragon scales)

Annotations:
D:10 4 transporters
Lair:1 2 transporters
Lair:3 exclusion: 2 oklob plants


Message History

You shoot an arrow. The arrow hits the plant.
The plant is lightly damaged.
You shoot an arrow. The arrow hits the plant!
The plant is lightly damaged.
You shoot an arrow. The arrow hits the plant!
The plant is moderately damaged.
A nearby plant withers and dies.
You shoot an arrow. The arrow completely misses the plant.
The arrow hits the plant!
The plant begins to die.
The plant is lightly damaged.
A nearby plant withers and dies.
The oklob plant spits acid at you. The splash of acid misses you.
The oklob plant spits acid at you. The splash of acid hits you!
You shoot an arrow.
The arrow hits the plant but does no damage.
You shoot an arrow.
The arrow hits the plant but does no damage.
A nearby plant withers and dies.
You shoot an arrow. The arrow hits the plant!
The plant begins to die.
The plant is lightly damaged.
You shoot an arrow. The arrow hits the plant.
The plant is lightly damaged.
The oklob plant spits acid at you. The splash of acid hits you!
The acid corrodes you!
You shoot an arrow.
The arrow hits the plant but does no damage.
The plant is lightly damaged.
You shoot an arrow. The arrow hits the plant!
The plant is lightly damaged.
A nearby plant withers and dies.
The oklob plant spits acid at you. The splash of acid misses you.
The splash of acid hits the plant!
The plant begins to die.
The oklob plant spits acid at you. The splash of acid hits you!!
The acid corrodes you! The oklob plant spits acid at you.
The splash of acid hits you!!
You die...

#### ##### #.@### # ####
#P..####..P##.. ###..#
###........P.....
##P.####........PP..PP.P
###.........PPPPP...PP.#
.........P.P.###P.PP.###
........PP.P..######PP.
%.P..##.P.###P.# ####
PP.######..#####


You could see 2 oklob plants.

Vanquished Creatures
  A rakshasa (D:11)
  An ogre mage (D:11)
  Erica (D:9)
  5 two-headed ogres
  Pikel (D:7)
  A harpy (Lair:2)
  2 oklob plants (Lair:3)
  3 ugly things
  A cyclops (D:11)
  A manticore (D:11)
  A meliai (Lair:2)
  2 elephants (Lair:3)
  3 gargoyles (D:11)
  A black mamba (Lair:3)
  Maggie (D:7)
  5 cane toads
  A rime drake (D:11)
  Jeremiah (D:7)
  2 trolls (D:11)
  3 blink frogs (Lair:1)
  2 polar bears (D:10)
  3 wyverns
  3 wraiths
  A shadow (D:9)
  2 vampires
  26 yaks
  3 basilisks
  2 vampire mosquitoes (D:11)
  Grum (D:8)
  An acid dragon (D:10)
  8 water moccasins
  9 orc warriors
  2 sky beasts (D:7)
  3 ice beasts
  4 ogres
  20 wolves
  12 centaurs
  4 lemures (D:7)
  4 phantoms
  2 kobold brigands (D:9)
  2 gnoll sergeants
  9 bullfrogs
  4 scorpions
  8 wights
  17 killer bees
  8 howler monkeys
  5 electric eels
  3 hounds
  10 orc priests
  2 bombardier beetles
  5 jellies
  2 gnoll boudas
  3 sleepcaps
  Jessica (D:2)
  7 iguanas
  15 orc wizards
  4 adders
  20 gnolls
  4 ufetubi (D:5)
  3 dart slugs
  3 ribbon worms (D:2)
  56 orcs
  8 endoplasms
  2 giant cockroaches
  8 goblins
  7 hobgoblins
  7 jackals
  5 quokkas
  3 ball pythons
  7 bats
  7 kobolds
  7 rats
401 creatures vanquished.

Vanquished Creatures (others)
  A wraith (D:11)
1 creature vanquished.

Grand Total: 402 creatures vanquished

Notes
Turn   | Place    | Note
-------+----------+-------------------------------------------
     0 | D:1      | qw the Gargoyle Hunter began the quest for the Orb.
     0 | D:1      | Reached XP level 1. HP: 12/12 MP: 1/1
     0 | D:1      | 0 ||| qw: Version: 0.3-a-132-g3d54051
     0 | D:1      | 0 ||| qw: Game counter: 51
     0 | D:1      | 0 ||| qw: Melee chars always use a shield: true
     0 | D:1      | 0 ||| qw: God list: Okawaru
     0 | D:1      | 0 ||| qw: Allow faded altars: false
     0 | D:1      | 0 ||| qw: Do Orc after clearing Dungeon:15 true
     0 | D:1      | 0 ||| qw: Do second Lair branch before Depths: true
     0 | D:1      | 0 ||| qw: Lair rune preference: random
     0 | D:1      | 0 ||| qw: Goals: Normal
     0 | D:1      | 0 ||| PLANNING D:1-11
   147 | D:1      | Reached XP level 2. HP: 9/17 MP: 2/2
   208 | D:1      | Found a faded altar of an unknown god.
   424 | D:1      | Found Pedweic's Magic Scroll Shoppe.
   427 | D:1      | 427 ||| SHOPLISTING scroll of enchant weapon (105 gold,
                  | have 58).
   427 | D:1      | 427 ||| BUYING scroll of identify (28 gold).
   427 | D:1      | Bought a scroll of identify for 28 gold pieces
   427 | D:1      | 427 ||| BUYING scroll of identify (28 gold).
   427 | D:1      | Bought a scroll of identify for 28 gold pieces
   427 | D:1      | 427 ||| SHOPLISTING scroll of teleportation (42 gold, have
                  | 2).
   885 | D:1      | 885 ||| READING 3 scrolls of identify.
   885 | D:1      | 885 ||| IDENTIFYING fuming clear potion
   886 | D:1      | 886 ||| READING 2 scrolls of identify.
   886 | D:1      | 886 ||| IDENTIFYING lumpy brown potion
   887 | D:1      | 887 ||| READING scroll of identify.
   887 | D:1      | 887 ||| IDENTIFYING sedimented puce potion
   888 | D:1      | 888 ||| READING scroll labelled EZEARO UKHE.
   889 | D:1      | 889 ||| READING scroll labelled JIFECUI DAGHE.
   890 | D:1      | 890 ||| READING scroll labelled ZAOLEO XAIHOFE.
   890 | D:1      | Identified a scroll of acquirement
   890 | D:1      | 890 ||| ACQUIRING 1026 gold pieces
   890 | D:1      | Acquired 1026 gold pieces
   892 | D:1      | 892 ||| DROPPING scroll of butterflies.
   903 | D:2      | 903 ||| STAIRDANCE
   937 | D:2      | Reached XP level 3. HP: 21/21 MP: 3/3
   944 | D:2      | Noticed Jessica
   949 | D:2      | Killed Jessica
   950 | D:2      | Reached skill level 5 in Ranged Weapons
  1071 | D:2      | Reached XP level 4. HP: 25/27 MP: 4/4
  1406 | D:2      | Reached skill level 3 in Fighting
  1513 | D:2      | 1513 ||| READING scroll of identify.
  1513 | D:2      | 1513 ||| IDENTIFYING smoky coppery potion
  1514 | D:2      | 1514 ||| READING scroll labelled JAGECH SAIPUIGERO.
  1515 | D:2      | 1515 ||| FLEEEEING.
  1518 | D:2      | 1518 ||| DROPPING potion of magic.
  1599 | D:3      | Reached XP level 5. HP: 22/32 MP: 5/5
  1641 | D:3      | Identified the +7 whip "Datukylo" {flame, Int+2}
  1662 | D:3      | Reached skill level 6 in Ranged Weapons
  1791 | D:3      | 1791 ||| FLEEEEING.
  1848 | D:3      | Found Vihil's Book Emporium.
  2028 | D:3      | Found a shimmering altar of Xom.
  2277 | D:3      | 2277 ||| UPGRADING to +0 ring mail.
  2287 | D:3      | 2287 ||| DROPPING +0 leather armour.
  2288 | D:3      | 2288 ||| UPGRADING to amulet of regeneration.
  2293 | D:3      | 2293 ||| READING scroll labelled GAJEZAX OFUNG.
  2320 | D:4      | 2320 ||| STAIRDANCE
  2324 | D:3      | Reached skill level 1 in Armour
  2326 | D:3      | 2326 ||| FLEEEEING.
  2334 | D:4      | 2334 ||| STAIRDANCE
  2351 | D:4      | 2351 ||| STAIRDANCE
  2364 | D:4      | 2364 ||| STAIRDANCE
  2372 | D:4      | 2372 ||| STAIRDANCE
  2382 | D:4      | 2382 ||| STAIRDANCE
  2398 | D:4      | Noticed an ogre
  2400 | D:4      | 2400 ||| ZAPPING wand of light (25) at -2,-4 (ogre; floor).
  2401 | D:4      | 2401 ||| ZAPPING wand of light (24) at -1,-3 (ogre; floor).
  2402 | D:4      | 2402 ||| ZAPPING wand of light (23) at -1,-2 (ogre; floor).
  2402 | D:4      | Killed an ogre
  2403 | D:4      | Reached XP level 6. HP: 39/39 MP: 6/6
  2757 | D:4      | 2757 ||| UPGRADING to amulet of faith.
  2767 | D:4      | 2767 ||| DROPPING amulet of regeneration.
  2768 | D:4      | 2768 ||| UPGRADING to ring of see invisible.
  2769 | D:4      | 2769 ||| READING scroll of identify.
  2769 | D:4      | 2769 ||| IDENTIFYING scroll labelled FALEEN AHOPP
  2770 | D:4      | 2770 ||| DROPPING scroll of fog.
  2775 | D:5      | Entered Level 5 of the Dungeon
  2786 | D:5      | Reached skill level 7 in Ranged Weapons
  2786 | D:5      | Reached XP level 7. HP: 43/44 MP: 7/7
  2814 | D:5      | 2814 ||| READING scroll of acquirement.
  2814 | D:5      | 2814 ||| ACQUIRING +0 shortbow of freezing
  2814 | D:5      | Acquired a +0 shortbow of freezing
  2816 | D:5      | 2816 ||| SWAPPING to +0 shortbow of freezing.
  2817 | D:5      | 2817 ||| DROPPING +0 shortbow.
  2835 | D:5      | Noticed a two-headed ogre
  2836 | D:5      | 2836 ||| ZAPPING wand of light (22) at 2,-3 (two-headed
                  | ogre; floor).
  2837 | D:5      | 2837 ||| ZAPPING wand of light (21) at 1,-2 (two-headed
                  | ogre; floor).
  2838 | D:5      | 2838 ||| ZAPPING wand of light (20) at 1,-1 (two-headed
                  | ogre; floor).
  2839 | D:5      | 2839 ||| ZAPPING wand of light (19) at 1,-1 (two-headed
                  | ogre; floor).
  2840 | D:5      | 2840 ||| ZAPPING wand of light (18) at 1,-1 (two-headed
                  | ogre; floor).
  2840 | D:5      | Killed a two-headed ogre
  2841 | D:5      | Reached skill level 9 in Ranged Weapons
  2841 | D:5      | Reached XP level 8. HP: 48/48 MP: 8/8
  2876 | D:5      | 2876 ||| FLEEEEING.
  2979 | D:5      | 2979 ||| FLEEEEING.
  3077 | D:5      | Identified the +0 robe of the Heavens {Regen+ Str-4 Int+5
                  | Stlth+}
  3179 | D:5      | Reached skill level 6 in Fighting
  3557 | D:5      | Noticed a yak
  3561 | D:5      | 3561 ||| UPGRADING to +0 robe of the Heavens {Regen+ Str-4
                  | Int+5 Stlth+}.
  3571 | D:5      | 3571 ||| DROPPING +0 ring mail.
  3572 | D:5      | 3572 ||| UPGRADING to ring of resist corrosion.
  3573 | D:5      | 3573 ||| READING 2 scrolls of identify.
  3573 | D:5      | 3573 ||| IDENTIFYING scroll labelled WAHUAM BUIFY
  3574 | D:5      | 3574 ||| READING scroll of enchant weapon.
  3574 | D:5      | 3574 ||| ENCHANTING +0 shortbow of freezing.
  3607 | D:5      | Killed a yak
  3608 | D:5      | Reached skill level 10 in Ranged Weapons
  3608 | D:5      | 3608 ||| FLEEEEING.
  3653 | D:5      | 3653 ||| READING scroll of identify.
  3653 | D:5      | 3653 ||| IDENTIFYING 3 scrolls labelled UWETTA YNECODA
  3654 | D:5      | 3654 ||| DROPPING 3 scrolls of noise.
  3803 | D:5      | Identified the +4 chain mail of Fun and Games {MP+9 Dex+3}
  3821 | D:5      | Reached XP level 9. HP: 52/55 MP: 9/9
  3999 | D:5      | 3999 ||| DROPPING wand of flame (26).
  4019 | D:6      | Found Ea-nāṣir's Fine Metal Goods.
  4023 | D:6      | 4023 ||| BUYING helmet (130 gold).
  4023 | D:6      | Bought a helmet for 130 gold pieces
  4070 | D:6      | 4070 ||| FLEEEEING.
  4116 | D:6      | Found Puriete's Book Boutique.
  4134 | D:6      | Reached skill level 3 in Dodging
  4138 | D:6      | 4138 ||| DROPPING -3 helmet.
  4195 | D:6      | 4195 ||| DRINKING 2 potions of curing.
  4195 | D:6      | 4195 ||| (to cure confusion)
  4197 | D:6      | 4197 ||| RETREEEEATING.
  4198 | D:6      | 4198 ||| RETREEEEATING.
  4199 | D:6      | 4199 ||| RETREEEEATING.
  4206 | D:6      | 4206 ||| RETREEEEATING.
  4229 | D:6      | 4229 ||| DRINKING potion of curing.
  4229 | D:6      | 4229 ||| (to cure confusion)
  4260 | D:6      | 4260 ||| FLEEEEING.
  4261 | D:6      | 4261 ||| FLEEEEING.
  4262 | D:6      | 4262 ||| FLEEEEING.
  4263 | D:6      | 4263 ||| FLEEEEING.
  4410 | D:6      | 4410 ||| FLEEEEING.
  4416 | D:6      | 4416 ||| STAIRDANCE
  4421 | D:5      | 4421 ||| READING scroll labelled MAMO AG JUREYWK.
  4422 | D:5      | 4422 ||| READING 3 scrolls labelled FOXYES SEQURUMP.
  4523 | D:5      | 4523 ||| DROPPING 2 scrolls of vulnerability.
  4584 | D:6      | Identified the +1 trident "Kun Wio" {freeze, Fly Str-5
                  | Int+2}
  4591 | D:6      | Reached skill level 11 in Ranged Weapons
  4646 | D:6      | Identified the +6 long sword "Gydghiwa" {antimagic, rC+
                  | Str+2}
  4770 | D:6      | 4770 ||| READING scroll of identify.
  4770 | D:6      | 4770 ||| IDENTIFYING dark potion
  4771 | D:6      | 4771 ||| DROPPING potion of degeneration.
  4795 | D:7      | Noticed Maggie
  4807 | D:7      | 4807 ||| ZAPPING wand of light (17) at -5,-2 (Maggie;
                  | floor).
  4809 | D:7      | 4809 ||| ZAPPING wand of light (16) at -3,-1 (Maggie;
                  | floor).
  4810 | D:7      | 4810 ||| ZAPPING wand of light (15) at -3,0 (Maggie;
                  | floor).
  4811 | D:7      | 4811 ||| ZAPPING wand of light (14) at -4,1 (Maggie;
                  | floor).
  4811 | D:7      | Killed Maggie
  4826 | D:7      | 4826 ||| RETREEEEATING.
  4834 | D:7      | 4834 ||| RETREEEEATING.
  4846 | D:7      | Reached XP level 10. HP: 65/65 MP: 10/10
  4855 | D:7      | Found a staircase to the Ecumenical Temple.
  4856 | D:7      | 4856 ||| PLANNING TEMPLE
  4856 | D:7      | 4856 ||| UPGRADING to +0 steam dragon scales.
  4866 | D:7      | 4866 ||| DROPPING +0 robe of the Heavens {Regen+ Str-4
                  | Int+5 Stlth+}.
  4873 | Temple   | Entered the Ecumenical Temple
  4874 | Temple   | 4874 ||| PLANNING OKAWARU WORSHIP
  4885 | Temple   | Became a worshipper of Warmaster Okawaru
  4886 | Temple   | 4886 ||| PLANNING D:1-11
  5029 | D:7      | Noticed Jeremiah
  5030 | D:7      | 5030 ||| RETREEEEATING.
  5053 | D:7      | HP: 16/65 [wight/+4 halberd (2)]
  5054 | D:7      | 5054 ||| READING 3 scrolls of teleportation.
  5056 | D:7      | 5056 ||| DRINKING 6 potions of heal wounds.
  5328 | D:7      | Reached skill level 12 in Ranged Weapons
  5410 | D:7      | 5410 ||| ZAPPING wand of paralysis (17) at -1,7 (Jeremiah;
                  | floor).
  5421 | D:7      | 5421 ||| READING scroll labelled USOSMU BACSOGI.
  5422 | D:7      | 5422 ||| FLEEEEING.
  5423 | D:7      | 5423 ||| FLEEEEING.
  5424 | D:7      | 5424 ||| FLEEEEING.
  5425 | D:7      | 5425 ||| FLEEEEING.
  5441 | D:7      | 5441 ||| FLEEEEING.
  5442 | D:7      | 5442 ||| FLEEEEING.
  5447 | D:7      | 5447 ||| STAIRDANCE
  5559 | D:7      | 5559 ||| ZAPPING wand of light (13) at 5,1 (Jeremiah;
                  | open_door).
  5560 | D:7      | 5560 ||| ZAPPING wand of light (12) at 5,1 (Jeremiah;
                  | open_door).
  5561 | D:7      | 5561 ||| ZAPPING wand of light (11) at 4,2 (Jeremiah;
                  | floor).
  5562 | D:7      | 5562 ||| ZAPPING wand of light (10) at 4,1 (Jeremiah;
                  | floor).
  5563 | D:7      | 5563 ||| ZAPPING wand of light (9) at 4,0 (Jeremiah;
                  | floor).
  5564 | D:7      | 5564 ||| ZAPPING wand of light (8) at 4,0 (Jeremiah;
                  | floor).
  5564 | D:7      | Killed Jeremiah
  5727 | D:7      | Noticed Pikel
  5728 | D:7      | 5728 ||| RETREEEEATING.
  5729 | D:7      | 5729 ||| ZAPPING wand of light (7) at 0,-1 (Pikel; floor).
  5730 | D:7      | 5730 ||| ZAPPING wand of light (6) at 0,-1 (Pikel; floor).
  5731 | D:7      | 5731 ||| ZAPPING wand of light (5) at 0,-1 (Pikel; floor).
  5732 | D:7      | 5732 ||| ZAPPING wand of light (4) at 0,-1 (Pikel; floor).
  5733 | D:7      | 5733 ||| ZAPPING wand of light (3) at 0,-1 (Pikel; floor).
  5734 | D:7      | 5734 ||| ZAPPING wand of light (2) at 0,-1 (Pikel; floor).
  5734 | D:7      | Killed Pikel
  5734 | D:7      | Reached * piety under Okawaru
  5827 | D:8      | Noticed Grum
  5831 | D:8      | 5831 ||| STAIRDANCE
  5838 | D:7      | 5838 ||| FLEEEEING.
  5895 | D:8      | 5895 ||| RETREEEEATING.
  5904 | D:8      | Killed Grum
  5905 | D:8      | Reached skill level 1 in Invocations
  5913 | D:8      | Reached ** piety under Okawaru
  5930 | D:8      | 5930 ||| FLEEEEING.
  5931 | D:8      | 5931 ||| STAIRDANCE
  6207 | D:8      | 6207 ||| FLEEEEING.
  6209 | D:8      | 6209 ||| FLEEEEING.
  6210 | D:8      | 6210 ||| FLEEEEING.
  6211 | D:8      | 6211 ||| FLEEEEING.
  6212 | D:8      | 6212 ||| FLEEEEING.
  6213 | D:8      | 6213 ||| FLEEEEING.
  6214 | D:8      | 6214 ||| FLEEEEING.
  6409 | D:8      | Reached skill level 3 in Invocations
  6629 | D:8      | 6629 ||| FLEEEEING.
  6636 | D:8      | 6636 ||| STAIRDANCE
  6722 | D:8      | 6722 ||| FLEEEEING.
  6730 | D:8      | 6730 ||| SWAPPING to +0 orcbow.
  6731 | D:8      | 6731 ||| DROPPING +1 shortbow of freezing.
  6748 | D:8      | 6748 ||| READING scroll of identify.
  6748 | D:8      | 6748 ||| IDENTIFYING cyan potion
  6749 | D:8      | 6749 ||| DROPPING potion of brilliance.
  6919 | D:9      | Reached skill level 13 in Ranged Weapons
  6972 | D:9      | Noticed Erica
  6973 | D:9      | 6973 ||| INVOKING Heroism.
  6980 | D:9      | Noticed a two-headed ogre
  6986 | D:9      | Killed Erica
  6986 | D:9      | Reached *** piety under Okawaru
  6987 | D:9      | Reached skill level 9 in Fighting
  6987 | D:9      | Reached XP level 11. HP: 50/72 MP: 12/14
  6990 | D:9      | 6990 ||| RETREEEEATING.
  6991 | D:9      | 6991 ||| INVOKING Heroism.
  6994 | D:9      | Killed a two-headed ogre
  7002 | D:9      | 7002 ||| FLEEEEING.
  7009 | D:9      | 7009 ||| STAIRDANCE
  7016 | D:8      | 7016 ||| FLEEEEING.
  7249 | D:9      | Found Mess's Jewellery Emporium.
  7256 | D:9      | 7256 ||| BUYING +4 ring of protection (576 gold).
  7256 | D:9      | Bought a +4 ring of protection for 576 gold pieces
  7256 | D:9      | 7256 ||| BUYING ring "Rongamimmi" {Fire ^Contam Int+3
                  | Stlth+} (568 gold).
  7256 | D:9      | Bought the ring "Rongamimmi" {Fire ^Contam Int+3 Stlth+}
                  | for 568 gold pieces
  7256 | D:9      | 7256 ||| SHOPLISTING ring of fire (400 gold, have 196).
  7256 | D:9      | 7256 ||| SHOPLISTING ring of protection from fire (400
                  | gold, have 196).
  7280 | D:9      | 7280 ||| RETREEEEATING.
  7282 | D:9      | 7282 ||| FLEEEEING.
  7287 | D:9      | HP: 17/72 [orc warrior/+0 battleaxe (8)]
  7288 | D:9      | 7288 ||| READING 2 scrolls of teleportation.
  7289 | D:9      | 7289 ||| DRINKING 6 potions of heal wounds.
  7355 | D:9      | 7355 ||| FLEEEEING.
  7356 | D:9      | 7356 ||| FLEEEEING.
  7408 | D:9      | 7408 ||| FLEEEEING.
  7409 | D:9      | 7409 ||| FLEEEEING.
  7410 | D:9      | 7410 ||| FLEEEEING.
  7411 | D:9      | 7411 ||| FLEEEEING.
  7413 | D:9      | 7413 ||| STAIRDANCE
  7456 | D:8      | 7456 ||| UPGRADING to +4 ring of protection.
  7521 | D:9      | 7521 ||| RETREEEEATING.
  7525 | D:9      | 7525 ||| RETREEEEATING.
  7527 | D:9      | 7527 ||| RETREEEEATING.
  7528 | D:9      | 7528 ||| RETREEEEATING.
  7531 | D:9      | 7531 ||| RETREEEEATING.
  7537 | D:9      | 7537 ||| RETREEEEATING.
  7541 | D:9      | 7541 ||| RETREEEEATING.
  7542 | D:9      | 7542 ||| RETREEEEATING.
  7543 | D:9      | 7543 ||| RETREEEEATING.
  7544 | D:9      | 7544 ||| RETREEEEATING.
  7545 | D:9      | 7545 ||| RETREEEEATING.
  7546 | D:9      | 7546 ||| RETREEEEATING.
  7547 | D:9      | 7547 ||| RETREEEEATING.
  7548 | D:9      | 7548 ||| RETREEEEATING.
  7549 | D:9      | 7549 ||| RETREEEEATING.
  7552 | D:9      | 7552 ||| INVOKING Heroism.
  7572 | D:9      | Reached skill level 14 in Ranged Weapons
  7589 | D:9      | 7589 ||| INVOKING Heroism.
  7597 | D:9      | Reached skill level 3 in Armour
  7607 | D:9      | Reached **** piety under Okawaru
  7621 | D:9      | 7621 ||| FLEEEEING.
  7629 | D:9      | 7629 ||| FLEEEEING.
  7630 | D:9      | 7630 ||| FLEEEEING.
  7631 | D:9      | 7631 ||| FLEEEEING.
  7632 | D:9      | 7632 ||| FLEEEEING.
  7633 | D:9      | 7633 ||| FLEEEEING.
  7634 | D:9      | 7634 ||| FLEEEEING.
  7870 | D:9      | 7870 ||| RETREEEEATING.
  7871 | D:9      | 7871 ||| RETREEEEATING.
  7873 | D:9      | 7873 ||| RETREEEEATING.
  7887 | D:9      | 7887 ||| FLEEEEING.
  8444 | D:9      | Found a staircase to the Orcish Mines.
  8455 | D:9      | 8455 ||| READING scroll of identify.
  8455 | D:9      | 8455 ||| IDENTIFYING fuming grey potion
  8456 | D:9      | 8456 ||| DROPPING potion of ambrosia.
  8509 | D:10     | Entered Level 10 of the Dungeon
  8509 | D:10     | Found a blossoming altar of Fedhas.
  8509 | D:10     | Found a sacrificial altar of Ru.
  8519 | D:10     | 8519 ||| STAIRDANCE
  8531 | D:10     | 8531 ||| STAIRDANCE
  8563 | D:10     | 8563 ||| FLEEEEING.
  8586 | D:10     | Noticed a two-headed ogre
  8587 | D:10     | 8587 ||| INVOKING Finesse.
  8598 | D:10     | Killed a two-headed ogre
  8636 | D:10     | Found a shadowy altar of Dithmenos.
  8651 | D:10     | 8651 ||| RETREEEEATING.
  8652 | D:10     | 8652 ||| RETREEEEATING.
  8664 | D:10     | Reached ***** piety under Okawaru
  8670 | D:10     | Reached skill level 6 in Invocations
  8707 | D:10     | Found a transporter.
  8707 | D:10     | Found a transporter.
  8709 | D:10     | Found a transporter.
  8709 | D:10     | Found a transporter.
  8858 | D:10     | 8858 ||| INVOKING Finesse.
  8957 | D:10     | 8957 ||| DRINKING 3 potions of curing.
  8957 | D:10     | 8957 ||| (to cure confusion)
  9244 | D:10     | 9244 ||| UPGRADING to +0 helmet.
  9249 | D:10     | 9249 ||| READING scroll labelled DOIZOE VUHO.
  9250 | D:10     | 9250 ||| DRINKING 2 viscous coppery potions.
  9251 | D:10     | 9251 ||| DROPPING potion of attraction.
  9268 | D:11     | Noticed a red ugly thing
  9269 | D:11     | 9269 ||| STAIRDANCE
  9295 | D:11     | 9295 ||| STAIRDANCE
  9297 | D:10     | 9297 ||| INVOKING Finesse.
  9306 | D:10     | Killed a red ugly thing
  9307 | D:10     | Reached XP level 12. HP: 37/77 MP: 10/17
  9307 | D:10     | 9307 ||| FLEEEEING.
  9437 | D:11     | 9437 ||| STAIRDANCE
  9446 | D:10     | 9446 ||| FLEEEEING.
  9452 | D:10     | 9452 ||| STAIRDANCE
  9484 | D:11     | 9484 ||| STAIRDANCE
  9526 | D:11     | 9526 ||| STAIRDANCE
  9570 | D:11     | 9570 ||| STAIRDANCE
  9575 | D:11     | 9575 ||| STAIRDANCE
  9589 | D:10     | 9589 ||| INVOKING Finesse.
  9590 | D:10     | 9590 ||| INVOKING Heroism.
  9643 | D:10     | 9643 ||| FLEEEEING.
  9649 | D:10     | 9649 ||| STAIRDANCE
  9688 | D:11     | 9688 ||| STAIRDANCE
  9718 | D:10     | 9718 ||| FLEEEEING.
  9724 | D:10     | 9724 ||| STAIRDANCE
  9777 | D:11     | 9777 ||| STAIRDANCE
  9790 | D:10     | 9790 ||| RETREEEEATING.
  9791 | D:10     | 9791 ||| RETREEEEATING.
  9792 | D:10     | 9792 ||| INVOKING Finesse.
  9793 | D:10     | 9793 ||| INVOKING Heroism.
  9871 | D:11     | 9871 ||| STAIRDANCE
  9880 | D:10     | 9880 ||| INVOKING Finesse.
  9911 | D:10     | 9911 ||| FLEEEEING.
  9917 | D:10     | 9917 ||| STAIRDANCE
  9951 | D:11     | 9951 ||| STAIRDANCE
 10103 | D:11     | 10103 ||| FLEEEEING.
 10281 | D:11     | 10281 ||| FLEEEEING.
 10303 | D:11     | HP: 14/77 [centaur/arrow (6)]
 10304 | D:11     | 10304 ||| READING scroll of teleportation.
 10305 | D:11     | 10305 ||| DRINKING 7 potions of heal wounds.
 10313 | D:11     | 10313 ||| FLEEEEING.
 10314 | D:11     | 10314 ||| FLEEEEING.
 10318 | D:11     | 10318 ||| RETREEEEATING.
 10320 | D:11     | 10320 ||| RETREEEEATING.
 10321 | D:11     | 10321 ||| DRINKING 2 potions of curing.
 10321 | D:11     | 10321 ||| (to cure confusion)
 10328 | D:11     | 10328 ||| DRINKING potion of curing.
 10328 | D:11     | 10328 ||| (to cure confusion)
 10332 | D:11     | 10332 ||| INVOKING Finesse.
 10338 | D:11     | HP: 19/77 [wraith (11)]
 10339 | D:11     | 10339 ||| DRINKING 6 potions of heal wounds.
 10351 | D:11     | Reached skill level 15 in Ranged Weapons
 10355 | D:11     | 10355 ||| RETREEEEATING.
 10356 | D:11     | 10356 ||| RETREEEEATING.
 10357 | D:11     | 10357 ||| RETREEEEATING.
 10357 | D:11     | HP: 18/77 [centaur (3)]
 10358 | D:11     | 10358 ||| DRINKING 5 potions of heal wounds.
 10359 | D:11     | 10359 ||| RETREEEEATING.
 10360 | D:11     | 10360 ||| RETREEEEATING.
 10361 | D:11     | 10361 ||| INVOKING Finesse.
 10385 | D:11     | HP: 15/77 [gnoll sergeant/+0 heavy spear (8)]
 10386 | D:11     | 10386 ||| DRINKING 4 potions of heal wounds.
 10426 | D:11     | 10426 ||| FLEEEEING.
 10429 | D:11     | 10429 ||| STAIRDANCE
 10616 | D:11     | HP: 16/77 [cyan ugly thing (5)]
 10617 | D:11     | 10617 ||| DRINKING 3 potions of heal wounds.
 10628 | D:11     | HP: 15/77 [cyan ugly thing (9)]
 10629 | D:11     | 10629 ||| DRINKING 2 potions of heal wounds.
 10635 | D:11     | HP: 10/77 [gargoyle/stone arrow (14)]
 10636 | D:11     | 10636 ||| DRINKING potion of heal wounds.
 10643 | D:11     | Reached skill level 9 in Invocations
 10643 | D:11     | 10643 ||| FLEEEEING.
 10647 | D:11     | 10647 ||| STAIRDANCE
 10866 | D:11     | Noticed a rakshasa
 10867 | D:11     | 10867 ||| INVOKING Finesse.
 10899 | D:11     | Killed a rakshasa
 10983 | D:11     | Noticed a two-headed ogre
 10984 | D:11     | 10984 ||| INVOKING Finesse.
 10994 | D:11     | Killed a two-headed ogre
 11060 | D:11     | 11060 ||| FLEEEEING.
 11060 | D:11     | Noticed a two-headed ogre
 11061 | D:11     | 11061 ||| FLEEEEING.
 11062 | D:11     | 11062 ||| FLEEEEING.
 11063 | D:11     | 11063 ||| FLEEEEING.
 11064 | D:11     | 11064 ||| FLEEEEING.
 11065 | D:11     | 11065 ||| FLEEEEING.
 11066 | D:11     | 11066 ||| FLEEEEING.
 11067 | D:11     | 11067 ||| FLEEEEING.
 11068 | D:11     | 11068 ||| STAIRDANCE
 11076 | D:10     | 11076 ||| STAIRDANCE
 11200 | D:9      | 11200 ||| UPGRADING to +0 troll leather armour.
 11210 | D:9      | 11210 ||| DROPPING +0 steam dragon scales.
 11221 | D:11     | 11221 ||| INVOKING Finesse.
 11226 | D:11     | Killed a two-headed ogre
 11284 | D:11     | Found a staircase to the Lair.
 11361 | D:11     | Found a portal to a secret trove of treasure.
 11579 | D:11     | Noticed an ogre mage
 11581 | D:11     | 11581 ||| INVOKING Finesse.
 11594 | D:11     | Killed an ogre mage
 11731 | D:11     | 11731 ||| PLANNING LAIR
 11731 | D:11     | 11731 ||| UPGRADING to +0 cloak.
 11765 | Lair:1   | Entered Level 1 of the Lair of Beasts
 11765 | Lair:1   | Found a transporter.
 11862 | Lair:1   | 11862 ||| RETREEEEATING.
 11864 | Lair:1   | 11864 ||| RETREEEEATING.
 11865 | Lair:1   | 11865 ||| RETREEEEATING.
 11870 | Lair:1   | 11870 ||| RETREEEEATING.
 11871 | Lair:1   | 11871 ||| RETREEEEATING.
 11872 | Lair:1   | 11872 ||| RETREEEEATING.
 11873 | Lair:1   | 11873 ||| RETREEEEATING.
 11874 | Lair:1   | 11874 ||| RETREEEEATING.
 11875 | Lair:1   | 11875 ||| RETREEEEATING.
 11876 | Lair:1   | 11876 ||| RETREEEEATING.
 11877 | Lair:1   | 11877 ||| RETREEEEATING.
 11878 | Lair:1   | 11878 ||| RETREEEEATING.
 11879 | Lair:1   | 11879 ||| RETREEEEATING.
 11880 | Lair:1   | 11880 ||| RETREEEEATING.
 11884 | Lair:1   | 11884 ||| RETREEEEATING.
 11892 | Lair:1   | Reached skill level 16 in Ranged Weapons
 11901 | Lair:1   | Reached XP level 13. HP: 82/82 MP: 20/20
 11988 | Lair:1   | 11988 ||| FLEEEEING.
 12065 | Lair:1   | Found a transporter.
 12068 | Lair:1   | Found the +1 cloak of Starlight {*Dazzle EV+4 Stlth--}
 12132 | Lair:1   | 12132 ||| READING scroll of enchant weapon.
 12132 | Lair:1   | 12132 ||| ENCHANTING +0 orcbow.
 12194 | Lair:1   | Identified the ring of the Curupira {rC++ MP+9 Str-3 Dex+4}
 12278 | Lair:1   | You fall into a shaft and drop 1 floor!
 12302 | Lair:2   | Found a staircase to the Shoals.
 12322 | Lair:2   | 12322 ||| DROPPING ring of ice.
 12323 | Lair:2   | 12323 ||| DROPPING ring of positive energy.
 12324 | Lair:2   | 12324 ||| UPGRADING to ring of the Curupira {rC++ MP+9
                  | Str-3 Dex+4}.
 12326 | Lair:2   | 12326 ||| DROPPING ring of resist corrosion.
 12328 | Lair:2   | Found a hole to the Spider Nest.
 12434 | Lair:2   | Reached skill level 6 in Dodging
 12508 | Lair:2   | 12508 ||| READING scroll of identify.
 12508 | Lair:2   | 12508 ||| IDENTIFYING silvery potion
 12509 | Lair:2   | 12509 ||| DROPPING potion of lignification.
 13104 | Lair:2   | 13104 ||| RETREEEEATING.
 13108 | Lair:2   | 13108 ||| RETREEEEATING.
 13110 | Lair:2   | 13110 ||| INVOKING Finesse.
 13124 | Lair:2   | Received a gift from Okawaru
 13680 | Lair:3   | 13680 ||| FLEEEEING.
 13682 | Lair:3   | 13682 ||| STAIRDANCE
 13702 | Lair:3   | 13702 ||| RETREEEEATING.
 13709 | Lair:3   | 13709 ||| RETREEEEATING.
 13710 | Lair:3   | 13710 ||| RETREEEEATING.
 13711 | Lair:3   | 13711 ||| RETREEEEATING.
 13712 | Lair:3   | 13712 ||| RETREEEEATING.
 13713 | Lair:3   | 13713 ||| RETREEEEATING.
 13714 | Lair:3   | 13714 ||| RETREEEEATING.
 13715 | Lair:3   | 13715 ||| RETREEEEATING.
 13716 | Lair:3   | 13716 ||| RETREEEEATING.
 13717 | Lair:3   | 13717 ||| RETREEEEATING.
 13718 | Lair:3   | 13718 ||| RETREEEEATING.
 13719 | Lair:3   | 13719 ||| RETREEEEATING.
 13720 | Lair:3   | 13720 ||| RETREEEEATING.
 13721 | Lair:3   | 13721 ||| RETREEEEATING.
 13722 | Lair:3   | 13722 ||| RETREEEEATING.
 13723 | Lair:3   | 13723 ||| RETREEEEATING.
 13724 | Lair:3   | 13724 ||| RETREEEEATING.
 13725 | Lair:3   | 13725 ||| RETREEEEATING.
 13726 | Lair:3   | 13726 ||| INVOKING Finesse.
 13735 | Lair:3   | 13735 ||| INVOKING Heroism.
 13735 | Lair:3   | HP: 21/84 [elephant (4)]
 13736 | Lair:3   | 13736 ||| READING scroll of teleportation.
 13741 | Lair:3   | HP: 8/84 [elephant (7)]
 14049 | Lair:3   | 14049 ||| UPGRADING to +0 pair of gloves.
 14054 | Lair:3   | 14054 ||| DRINKING 2 emerald potions.
 14143 | Lair:3   | HP: 21/85 [oklob plant/splash of acid (23)]
 14144 | Lair:3   | Killed from afar by an oklob plant

Levels and vault maps discovered:
D:1:      psy_arrival_radial02, layout_basic, serial_shops, shop,
          basic_ecumenical_altar, serial_bayou_crossing
D:2:      layout_loops_cross, uniq_jessica
D:3:      layout_loops_ring, mainiacjoe_overflow_small_starburst, serial_shops,
          shop, grunt_decor_mini_mirrors, columned_hall_lemuel
D:4:      layout_rooms
D:5:      minmay_chambers_of_fours, layout_basic
D:6:      layout_cave_pools, serial_shops, shop, nicolae_ea-nasir_strikes_again,
          st_stairs_9
D:7:      layout_basic, minmay_temple_entry_butterflies, uniq_jeremiah,
          uniq_pikel, uniq_maggie
D:8:      layout_loops_ring, minmay_quadrilaterals, uniq_grum
D:9:      layout_stronghold, erik_orc_2, serial_shops, shop,
          minmay_diced_spiral, uniq_erica
D:10:     layout_basic, chequers_temple_overflow_statue_of_worship,
          roderic_roman_lattice, nicolae_diode_quadrants
D:11:     cheibrodos_ideogram_h, layout_rooms, hellmonk_lair_entry_icy,
          enter_trove_3
Temple:   mainiacjoe_temple_coin_purse
Lair:1:   gammafunk_cloud_chamber, layout_chaotic_city,
          infiniplex_staircase_pool
Lair:2:   layout_cave_pods, nicolae_shoals_entry_roost,
          hellmonk_spider_entry_not_the_bees
Lair:3:   minmay_lair_oklob_tunnel, layout_cave_pods, grunt_megastairs_5

Skill      XL: |  1  2  3  4  5  6  7  8  9 10 11 12 13 |
---------------+----------------------------------------+-----
Ranged Weapons | 5 6 7 9 10 11 13 14 16 | 16.0
Fighting       | 3 4 6 8 9 10 11 | 11.7
Armour         | 1 2 3 4 |  4.0
Dodging        | 2 3 4 5 7 |  7.0
Invocations    | 4 6 10 | 10.0
Stealth        | |  1.1

Action                     |  1- 3 |  4- 6 |  7- 9 | 10-12 | 13-15 || total
---------------------------+-------+-------+-------+-------+-------++-------
   Fire: Shortbow          |   109 |   221 |   295 |   202 |       ||   827
         Orcbow            |       |       |       |  1079 |   482 ||  1561
 Invoke: Heroism           |       |       |       |     6 |     1 ||     7
         Finesse           |       |       |       |    12 |     2 ||    14
  Evoke: Wand              |       |     3 |     9 |    13 |       ||    25
    Use: Scroll            |     6 |     4 |     7 |     7 |     3 ||    27
         Potion            |       |       |     2 |    13 |     1 ||    16
 Armour: Leather armour    |    60 |    16 |       |       |       ||    76
         Ring mail         |       |    62 |    38 |       |       ||   100
         Robe              |       |       |    85 |     1 |       ||    86
         Steam dragon scal |       |       |       |   524 |       ||   524
         Troll leather arm |       |       |       |    13 |   159 ||   172
  Dodge: Dodged            |    54 |    84 |   101 |   553 |   155 ||   947

Table legend:
 A = Non-vault XP
 B = Vault XP
 C = Vault XP percentage of total XP
 D = Non-vault monster count
 E = Vault monster count
 F = Vault count percentage of total count
                 A         B        C        D         E       F
            +---------+---------+-------+---------+---------+-------
      Total |   23710 |   19129 |  44.7 |     302 |      96 |  24.1
            +---------+---------+-------+---------+---------+-------
        D:1 |      31 |       0 |   0.0 |      17 |       0 |   0.0
        D:2 |      55 |      37 |  40.2 |      23 |       1 |   4.2
        D:3 |     162 |       0 |   0.0 |      29 |       0 |   0.0
        D:4 |     303 |       0 |   0.0 |      19 |       0 |   0.0
        D:5 |    1427 |     359 |  20.1 |      17 |       6 |  26.1
        D:6 |    1187 |     200 |  14.4 |      31 |       3 |   8.8
        D:7 |    1487 |    1530 |  50.7 |      21 |       4 |  16.0
        D:8 |     782 |    1021 |  56.6 |      16 |       9 |  36.0
        D:9 |    4616 |    2414 |  34.3 |      42 |      28 |  40.0
       D:10 |    3446 |    1208 |  26.0 |      28 |       7 |  20.0
       D:11 |    1876 |    8632 |  82.1 |      15 |      25 |  62.5
     Lair:1 |    4384 |       0 |   0.0 |      25 |       0 |   0.0
     Lair:2 |    2933 |    1437 |  32.9 |      17 |       7 |  29.2
     Lair:3 |    1021 |    2291 |  69.2 |       2 |       6 |  75.0
            +---------+---------+-------+---------+---------+-------
